 Dungeon Crawl Stone Soup version 0.21-a0-538-gd16b88a (webtiles) character file.

72 KristoblXynda the Slasher (level 4, -6/36 HPs)
             Began as a Draconian Gladiator on Dec 16, 2017.
             Killed from afar by an orc wizard (7 damage)
             ... with a puff of flame
             ... on level 2 of the Dungeon.
             The game lasted 00:01:50 (878 turns).

KristoblXynda the Slasher (Draconian Gladiator)      Turns: 878, Time: 00:01:51

Health: -6/36      AC:  5    Str: 13 (16) XL:     4   Next: 6%
Magic:  4/4        EV: 13    Int:  8 (9)  God:
Gold:   76         SH:  0    Dex: 10 (11) Spells: 3/3 levels left

rFire    . . .     SeeInvis .   a - +0 long sword
rCold    . . .     Gourm    .   (no shield)
rNeg     . . .     Faith    .   (armour unavailable)
rPois    .         Spirit   .   b - +0 hat
rElec    .         Reflect  .   (no cloak)
rCorr    .         Harm     .   (no gloves)
MR       .....                  (no boots)
Stlth    +.........             (no amulet)
HPRegen  0.12/turn              (no ring)
MPRegen  0.09/turn              (no ring)

@: flying
A: unfitting armour, horns 1, clumsy 1, cold-blooded, AC +5
a: no special abilities


You were on level 2 of the Dungeon.
You were not hungry.

You visited 1 branch of the dungeon, and saw 2 of its levels.

You collected 76 gold pieces.

Inventory:

Hand Weapons
 a - a +0 long sword (weapon)
Missiles
 c - 3 throwing nets (quivered)
Armour
 b - a +0 hat (worn)
Scrolls
 h - 2 scrolls of identify {unknown}
 i - a scroll of magic mapping {unknown}
Potions
 e - a potion of degeneration
 f - a potion of mutation
 g - 2 potions of flight
 k - a potion of berserk rage {unknown}
Comestibles
 d - a bread ration
 j - a royal jelly


   Skills:
 - Level 2.1 Fighting
 + Level 3.7 Long Blades
 + Level 2.7 Throwing
 + Level 3.3 Dodging


You had 3 spell levels left.
You didn't know any spells.

Dungeon Overview and Level Annotations

Branches:
Dungeon (2/15)

Altars:


Innate Abilities, Weirdness & Mutations

Your plain brown scales are hard. (AC +5)
You cannot fit into any form of body armour.
You are cold-blooded and may be slowed by cold attacks.
You have a pair of small horns on your head.
You are clumsy. (Dex -2)


Message History

You barely miss the orc wizard.
Your tail-slap misses the orc wizard.
The orc wizard is almost dead.
The orc wizard casts a spell.
The orc wizard flickers and vanishes!
Deactivating autopickup; reactivate with Ctrl-A.
You hear some strange, mumbled words.
A magic dart appears from out of thin air!
The magic dart hits you!
* * * LOW HITPOINT WARNING * * *
You miss something.
Something hits you but does no damage. x2
Unknown command.
You completely miss something. Your headbutt misses something.
You hear some strange, mumbled words.
A puff of frost appears from out of thin air!
The puff of frost hits you!
* * * LOW HITPOINT WARNING * * *
You hear some strange, mumbled words.
A puff of flame appears from out of thin air!
The puff of flame hits you!
You die...

#### .... ..# #.#
..##.#######.####
#.##.....@{ob...#
#.##..######b....
#.##..# #.#
#.##..# #.##..#
#.##..# ##.##..#
##...#..#
##.###)..#


You could see an orc and 2 bats.

Vanquished Creatures
  An orc wizard (D:2)
  An adder (D:2)
  A worm (D:1)
  2 dart slugs (D:1)
  An orc (D:2)
  5 bats
  A giant cockroach (D:1)
  4 goblins
  2 hobgoblins
  4 jackals (D:1)
  A frilled lizard (D:2)
  A kobold (D:1)
  5 rats (D:1)
29 creatures vanquished.

Notes
Turn   | Place    | Note
-------+----------+-------------------------------------------
     0 | D:1      | KristoblXynda the Draconian Gladiator began the quest for the Orb.
     0 | D:1      | Reached XP level 1. HP: 17/17 MP: 1/1
   274 | D:1      | Reached XP level 2. HP: 24/24 MP: 2/2
   633 | D:1      | Reached XP level 3. HP: 27/29 MP: 3/3
   863 | D:2      | Reached XP level 4. HP: 26/36 MP: 4/4
   868 | D:2      | Gained mutation: You are clumsy. (Dex -2) [potion of mutation]
   868 | D:2      | Gained mutation: You have a pair of small horns on your head. [potion of mutation]
   878 | D:2      | HP: 1/36 [something/puff of frost (9)]
   878 | D:2      | Killed from afar by an orc wizard

Vault maps used:
D:1:      evilmike_arrival_run_for_it
D:2:      overflow_temple_1_default, lemuel_crystal_altar, grunt_decor_clamped,
          st_stairs_1, uniq_terence, uniq_natasha

Skill      XL: |  1  2 |
---------------+-------+-----
Throwing       | 2 |  2.7
Dodging        | 3 |  3.3
Fighting       | |  2.1
Long Blades    | |  3.7

Action                   |  1- 3 |  4- 6 || total
-------------------------+-------+-------++-------
Melee: Long sword        |    55 |     9 ||    64
       Tailslap          |    10 |     1 ||    11
  Use: Potion            |       |     5 ||     5
Armor: Skin              |    17 |     3 ||    20
Dodge: Dodged            |    39 |     9 ||    48
       Rpst.: Long sword |    20 |     3 ||    23

Table legend:
 A = Spawn XP
 B = Non-spawn XP
 C = Spawn XP percentage of total XP
 D = Spawn monster count
 E = Non-spawn monster count
 F = Spawn count percentage of total count
 G = Total turns spent on level
                    A         B        C        D         E        F      G
               +---------+---------+-------+---------+---------+-------+---------
         Total |       0 |     103 |   0.0 |       0 |      29 |   0.0 |   878
               +---------+---------+-------+---------+---------+-------+---------
           D:1 |       0 |      42 |   0.0 |       0 |      22 |   0.0 |   818
           D:2 |       0 |      61 |   0.0 |       0 |       7 |   0.0 |    60
               +---------+---------+-------+---------+---------+-------+---------
